 Dungeon Crawl Stone Soup version 0.31-a0-1074-g0b22e4e0f1 (webtiles) character file.

Game seed: 16150959603007891697

102 Zenkrye the Cudgeller (level 4, -1/55 HPs)
             Began as an Armataur Fighter on Dec 4, 2023.
             Slain by a goblin
             ... wielding a +0 club
              (3 damage)
             ... on level 3 of the Dungeon.
             The game lasted 00:03:23 (1499 turns).

Zenkrye the Cudgeller (Armataur Fighter)            Turns: 1499, Time: 00:03:23

Health: -1/55      AC:  9    Str: 23    XL:     4   Next: 50%
Magic:  4/4        EV:  4    Int:  8    God:
Gold:   90         SH:  9    Dex: 10    Spells: 3/3 levels left

rFire   . . .        a - +0 flail
rCold   . . .        c - +0 buckler
rNeg    . . .        l - +0 plate armour
rPois   .            (no helmet)
rElec   .            (no cloak)
rCorr   .            (no gloves)
SInv    .            (no barding)
Will    .....        e - amulet of reflection Stlth
                     (no ring)
HPRegen 0.29/turn    (no ring)
MPRegen 0.09/turn

%: reflection, roll
@: berserking, attractive, very quick
A: large, deformed body, tough skin 3, armoured tail, roll 1, long tongue
a: no special abilities


You were on level 3 of the Dungeon.
You visited 1 branch of the dungeon, and saw 3 of its levels.

You collected 90 gold pieces.

Inventory:

Hand Weapons
 a - a +0 flail (weapon)
Missiles
 m - 2 throwing nets {!f}
Armour
 b - a +0 scale mail
 c - a +0 buckler (worn)
 l - a +0 plate armour (worn)
Jewellery
 e - an amulet of reflection (around neck)
Wands
 p - a wand of roots (9)
Scrolls
 f - a scroll of vulnerability
Potions
 d - a potion of might {@q4}
 g - a potion of magic
 j - 2 potions of attraction
 k - 2 potions of mutation
 n - a potion of curing {unknown}
 o - a potion of haste {@q3}


   Skills:
 - Level 2.6 Fighting
 + Level 4.4 Maces & Flails
 - Level 3.6 Armour
 - Level 3.2 Shields


You had 3 spell levels left.
You didn't know any spells.
Your spell library was empty.

Dungeon Overview and Level Annotations

Branches:
Dungeon (3/15)

Altars:


Innate Abilities, Weirdness & Mutations

Armour fits poorly on your strangely shaped body.
You have extremely tough skin. (AC +3)
You have a long armoured tail.
You roll when moving toward enemies. (Rampage)
Your long tongue fully drains potion bottles. (2x potion effects)


Message History

You sock the orc!
You kill the orc!
You closely miss the orc priest. You block the orc priest's attack.
The orc priest hits you but does no damage.
You are poisoned.
You hit the orc priest but do no damage.
You feel very sick. You block the orc priest's attack.
You are too injured to fight recklessly!
You are too injured to fight recklessly!
You are too injured to fight recklessly!
You are too injured to fight recklessly!
You closely miss the orc priest. You tail-slap the orc priest!
The orc priest is heavily wounded.
You feel sick.
The orc priest mumbles some strange prayers to Beogh against you.
Beogh smites you!
* * * LOW HITPOINT WARNING * * *
You sock the orc priest!
You kill the orc priest!
* * * LOW HITPOINT WARNING * * *
You feel sick.
It was a potion of attraction.
You feel attractive to monsters.
You slurp down every last drop of the potion of attraction!
* * * LOW HITPOINT WARNING * * *
You feel sick. You block the goblin's attack.
It was a potion of magic.
Magic courses through your body.
You slurp down every last drop of the potion of magic!
* * * LOW HITPOINT WARNING * * *
You feel sick. You block the goblin's attack.
It was a potion of berserk rage.
A red film seems to cover your vision as you go berserk!
You feel yourself moving faster!
You feel mighty!
You slurp down every last drop of the potion of berserk rage!
You feel sick. You block the goblin's attack.
You barely miss the goblin.
You feel sick.
You are no longer poisoned.
The goblin hits you with a +0 club.
You die...

..... #.#.#
##.#.## .....
#.####.#.# #
.......#.###..##
#.<........
###.###### #@#
#g# ..[ .....
.......
#.......#
#.......#
#.......#


You could see a goblin.

Vanquished Creatures
  An orc priest (D:3)
  3 adders (D:2)
  A worm (D:2)
  A dart slug (D:1)
  2 orcs (D:3)
  4 bats
  3 endoplasms
  2 goblins
  4 hobgoblins
  7 jackals
  A quokka (D:2)
  3 ball pythons (D:2)
  A frilled lizard (D:2)
  6 rats
39 creatures vanquished.

Notes
Turn   | Place    | Note
-------+----------+-------------------------------------------
     0 | D:1      | Zenkrye the Armataur Fighter began the quest for the Orb.
     0 | D:1      | Reached XP level 1. HP: 18/18 MP: 1/1
    33 | D:1      | Reached skill level 2 in Maces & Flails
   183 | D:1      | Reached XP level 2. HP: 25/25 MP: 2/2
   215 | D:1      | Found a faded altar of an unknown god.
   902 | D:2      | Reached skill level 3 in Maces & Flails
   940 | D:2      | Reached XP level 3. HP: 30/30 MP: 3/3
  1364 | D:2      | Reached XP level 4. HP: 28/37 MP: 4/4
  1481 | D:3      | Reached skill level 4 in Maces & Flails
  1499 | D:3      | HP: 2/55 [poisoned by an orc priest]
  1499 | D:3      | Slain by a goblin

Illustrated notes

Levels and vault maps discovered:
D:1:      scummos_arrival_simple_fountains, layout_basic,
          dreamdust_ecumenical_altar_grove
D:2:      layout_rooms
D:3:      layout_loops_cross, minmay_randomly_rotated_circles, uniq_terence,
          uniq_natasha

Skill      XL: |  1  2  3  4 |
---------------+-------------+-----
Maces & Flails | 2 3 4 |  4.4
Fighting       | |  2.6
Armour         | |  3.6
Shields        | |  3.2

Action                     |  1- 3 |  4- 6 || total
---------------------------+-------+-------++-------
  Melee: Flail             |   114 |    16 ||   130
         Tailslap          |     9 |     1 ||    10
    Use: Scroll            |     3 |     2 ||     5
         Potion            |       |     3 ||     3
 Armour: Scale mail        |    38 |       ||    38
         Plate armour      |    34 |     8 ||    42
  Dodge: Dodged            |    29 |     3 ||    32
  Block: Buckler           |    41 |     8 ||    49
         Reflection        |       |     1 ||     1

Table legend: (Time is in decaauts)
 A = Elapsed time spent in this place.
 B = Non-inter-level travel time spent in this place.
 C = Inter-level travel time spent in this place.
 D = Time resting spent in this place.
 E = Time spent auto-exploring this place.
 F = Levels seen in this place.
 G = Mean time per level.
                   A        B        C        D        E       F      G
               +--------+--------+--------+--------+--------+-----+--------+
         Total |   1534 |   1499 |     35 |     93 |   1093 |   3 |  511.3 |
       Dungeon |   1534 |   1499 |     35 |     93 |   1093 |   3 |  511.3 |
               +--------+--------+--------+--------+--------+-----+--------+

Top non-repeatable levels by time:
     D:1: 759 daAuts
     D:2: 747 daAuts
     D:3: 27 daAuts
